MLB
TEXAS RANGERS @ LOS ANGELES ANGELS
05/26/2098
 
TOP OF THE 1ST
Texas Rangers batting - Pitching for Los Angeles Angels : LHP Zach Tymon
Pitching: LHP Zach Tymon
Batting: RHB Jason Hartel 0-0: Ball
1-0: Foul Ball, location: 9LSF
1-1: Ball
2-1: Ball
3-1: Ground out 6-3 (Groundball, 6, EV 66.9 MPH)
Batting: RHB Chris Patrick 0-0: Fly out, F9 (Line Drive, 9, EV 88.8 MPH)
Batting: RHB Kevin Hock 0-0: Called Strike
0-1: Fly out, F7 (Flyball, 78S, EV 98.1 MPH)
Top of the 1st over - 0 runs, 0 hits, 0 errors, 0 left on base; Texas 0 - Los Angeles 0
BOTTOM OF THE 1ST
Los Angeles Angels batting - Pitching for Texas Rangers : LHP Ricardo Chavez
Pitching: LHP Ricardo Chavez
Batting: RHB Tom Aitken 0-0: Fly out, F4 (Popup, 4S, EV 80.0 MPH)
Batting: LHB Justin Manns 0-0: Ball
1-0: Ball
2-0: Ball
3-0: Called Strike
3-1: Called Strike
3-2: Ground out 6-3 (Groundball, 6M, EV 98.1 MPH)
Batting: LHB Matt Evans 0-0: Fly out, F8 (Flyball, 8LXD, EV 89.4 MPH)
Bottom of the 1st over - 0 runs, 0 hits, 0 errors, 0 left on base; Texas 0 - Los Angeles 0
TOP OF THE 2ND
Texas Rangers batting - Pitching for Los Angeles Angels : LHP Zach Tymon
Batting: RHB Josh Mehl 0-0: Ball
1-0: Ball
2-0: Ball
3-0: Called Strike
3-1: Called Strike
3-2: Strikes out looking
Batting: RHB Brian Ruble 0-0: Swinging Strike
0-1: Foul Ball, location: 2F
0-2: Ball
1-2: Ground out 6-3 (Groundball, 6, EV 83.1 MPH)
Batting: RHB Ryan Adkins 0-0: Called Strike
0-1: Ball
1-1: Ground out 3-1 (Groundball, 34, EV 102.5 MPH)
Top of the 2nd over - 0 runs, 0 hits, 0 errors, 0 left on base; Texas 0 - Los Angeles 0
BOTTOM OF THE 2ND
Los Angeles Angels batting - Pitching for Texas Rangers : LHP Ricardo Chavez
Batting: RHB Matthew Allen 0-0: Called Strike
0-1: Swinging Strike
0-2: Strikes out swinging
Batting: RHB Randy Valdez 0-0: Ball
1-0: DOUBLE (Flyball, 89XD, EV 105.6 MPH)
Batting: RHB Dennis Jackson 0-0: Called Strike
0-1: Called Strike
0-2: Ground out U3 (Groundball, 34S, EV 87.5 MPH)
Randy Valdez to third
Batting: RHB Juan Cruz 0-0: Ball
1-0: Foul Ball, location: 2F
1-1: Ball
2-1: Ground out U3 (Groundball, 13, EV 85.6 MPH)
Bottom of the 2nd over - 0 runs, 1 hit, 0 errors, 1 left on base; Texas 0 - Los Angeles 0
TOP OF THE 3RD
Texas Rangers batting - Pitching for Los Angeles Angels : LHP Zach Tymon
Batting: RHB Matt Noorda 0-0: Ball
1-0: Ball
2-0: Ball
3-0: Base on Balls
Batting: RHB Raul Camacho 0-0: Called Strike
0-1: Foul Ball, location: 3F
0-2: Strikes out swinging
Batting: SHB Luis Chavez 0-0: Called Strike
0-1: Ball
1-1: SINGLE (Groundball, 4S, EV 61.9 MPH) (infield hit)
Matt Noorda to second
Batting: RHB Jason Hartel 0-0: Called Strike
0-1: Ball
1-1: Foul Ball, location: 9LSF
1-2: Fielders Choice at 2nd, 6-4 (Groundball, 6, EV 101.3 MPH)
Matt Noorda to third
Batting: RHB Chris Patrick 0-0: Swinging Strike
0-1: Called Strike
0-2: Strikes out swinging
Top of the 3rd over - 0 runs, 1 hit, 0 errors, 2 left on base; Texas 0 - Los Angeles 0
BOTTOM OF THE 3RD
Los Angeles Angels batting - Pitching for Texas Rangers : LHP Ricardo Chavez
Batting: LHB Ramon Bermudez 0-0: Ball
1-0: Foul Ball, location: 5SF
1-1: Ball
2-1: Foul Ball, location: 2RF
2-2: Fly out, F8 (Flyball, 8LD, EV 106.3 MPH)
Batting: RHB Noah Mahaffey 0-0: Ball
1-0: Called Strike
1-1: SINGLE (Line Drive, 4MD, EV 95.6 MPH)
Batting: RHB Tom Aitken 0-0: Called Strike
0-1: Foul Ball, location: 9LMF
0-2: Ball
1-2: SINGLE (Groundball, 6MD, EV 95.0 MPH)
Noah Mahaffey to second
Batting: LHB Justin Manns 0-0: Ball
1-0: Called Strike
1-1: SINGLE (Groundball, 2R, EV 70.0 MPH) (infield hit)
Noah Mahaffey to third
Tom Aitken to second
Batting: LHB Matt Evans 0-0: Called Strike
0-1: Ball
1-1: Foul Ball, location: 25F
1-2: Foul Ball, location: 2F
1-2: Strikes out swinging
Batting: RHB Matthew Allen 0-0: Foul Ball, location: 2LF
0-1: Ball
1-1: SINGLE (Groundball, 56D, EV 103.1 MPH)
Noah Mahaffey scores
Tom Aitken to third
Justin Manns to second
Runner from 3rd tries for Home, throw by LF and OUT! 7-2
Bottom of the 3rd over - 1 run, 4 hits, 0 errors, 2 left on base; Texas 0 - Los Angeles 1
TOP OF THE 4TH
Texas Rangers batting - Pitching for Los Angeles Angels : LHP Zach Tymon
Batting: RHB Kevin Hock 0-0: Foul Ball, location: 5F
0-1: Fly out, F7 (Flyball, 7D, EV 88.1 MPH)
Batting: RHB Josh Mehl 0-0: Foul Ball, location: 2F
0-1: Ground out 5-3 (Groundball, 5, EV 100.0 MPH)
Batting: RHB Brian Ruble 0-0: Ball
1-0: Ground out 5-3 (Groundball, 56S, EV 78.8 MPH)
Top of the 4th over - 0 runs, 0 hits, 0 errors, 0 left on base; Texas 0 - Los Angeles 1
BOTTOM OF THE 4TH
Los Angeles Angels batting - Pitching for Texas Rangers : LHP Ricardo Chavez
Batting: RHB Randy Valdez 0-0: Called Strike
0-1: Ball
1-1: Ball
2-1: Ball
3-1: Foul Ball, location: 9LDF
3-2: Foul Ball, location: 5DF
3-2: Ground out U3 (Groundball, 3L, EV 109.4 MPH)
Batting: RHB Dennis Jackson 0-0: Called Strike
0-1: Foul Ball, location: 7LMF
0-2: Ball
1-2: Strikes out looking
Batting: RHB Juan Cruz 0-0: Ball
1-0: Fly out, F9 (Flyball, 9, EV 89.4 MPH)
Bottom of the 4th over - 0 runs, 0 hits, 0 errors, 0 left on base; Texas 0 - Los Angeles 1
TOP OF THE 5TH
Texas Rangers batting - Pitching for Los Angeles Angels : LHP Zach Tymon
Batting: RHB Ryan Adkins 0-0: Ground out 5-3 (Groundball, 56S, EV 81.3 MPH)
Batting: RHB Matt Noorda 0-0: Ball
1-0: Fly out, F9 (Flyball, 89M, EV 86.3 MPH)
Batting: RHB Raul Camacho 0-0: Ball
1-0: Ball
2-0: Foul Ball, location: 2F
2-1: Ground out 1-3 (Groundball, 13S, EV 69.4 MPH)
Top of the 5th over - 0 runs, 0 hits, 0 errors, 0 left on base; Texas 0 - Los Angeles 1
BOTTOM OF THE 5TH
Los Angeles Angels batting - Pitching for Texas Rangers : LHP Ricardo Chavez
Batting: LHB Ramon Bermudez 0-0: Called Strike
0-1: Called Strike
0-2: Fly out, F7 (Flyball, 7S, EV 90.0 MPH)
Batting: RHB Noah Mahaffey 0-0: Called Strike
0-1: Foul Ball, location: 7LDF
0-2: Foul Ball, location: 2F
0-2: Strikes out swinging
Batting: RHB Tom Aitken 0-0: Ball
1-0: Ball
2-0: Foul Ball, location: 2LF
2-1: Swinging Strike
2-2: Strikes out swinging
Bottom of the 5th over - 0 runs, 0 hits, 0 errors, 0 left on base; Texas 0 - Los Angeles 1
TOP OF THE 6TH
Texas Rangers batting - Pitching for Los Angeles Angels : LHP Zach Tymon
Batting: SHB Luis Chavez 0-0: Ball
1-0: Foul Ball, location: 5F
1-1: Fly out, F9 (Line Drive, 9, EV 90.6 MPH)
Batting: RHB Jason Hartel 0-0: DOUBLE (Line Drive, 78D, EV 98.1 MPH)
Batting: RHB Chris Patrick 0-0: Called Strike
0-1: Foul Ball, location: 2F
0-2: Strikes out looking
Batting: RHB Kevin Hock 0-0: Swinging Strike
0-1: Ball
1-1: Foul Ball, location: 2F
1-2: Foul Ball, location: 2RF
1-2: Strikes out looking
Top of the 6th over - 0 runs, 1 hit, 0 errors, 1 left on base; Texas 0 - Los Angeles 1
BOTTOM OF THE 6TH
Los Angeles Angels batting - Pitching for Texas Rangers : LHP Ricardo Chavez
Batting: LHB Justin Manns 0-0: Swinging Strike
0-1: Bunted foul
0-2: Ball
1-2: Ball
2-2: Ground out 4-3 (Groundball, 34D, EV 86.3 MPH)
Batting: LHB Matt Evans 0-0: Ball
1-0: Ball
2-0: Called Strike
2-1: Called Strike
2-2: Ball
3-2: Strikes out swinging
Batting: RHB Matthew Allen 0-0: Ball
1-0: Ball
2-0: Called Strike
2-1: Foul Ball, location: 2F
2-2: Ball
3-2: Fly out, F9 (Line Drive, 89M, EV 98.1 MPH)
Bottom of the 6th over - 0 runs, 0 hits, 0 errors, 0 left on base; Texas 0 - Los Angeles 1
TOP OF THE 7TH
Texas Rangers batting - Pitching for Los Angeles Angels : LHP Zach Tymon
Batting: RHB Josh Mehl 0-0: Ground out 5-3 (Groundball, 5L, EV 108.1 MPH)
Batting: RHB Brian Ruble 0-0: Ball
1-0: Ball
2-0: Ball
3-0: Called Strike
3-1: Foul Ball, location: 3SF
3-2: Foul Ball, location: 9LDF
3-2: Ground out 6-3 (Groundball, 6, EV 76.3 MPH)
Batting: RHB Ryan Adkins 0-0: Called Strike
0-1: Ground out 1-3 (Groundball, 13S, EV 66.3 MPH)
Top of the 7th over - 0 runs, 0 hits, 0 errors, 0 left on base; Texas 0 - Los Angeles 1
BOTTOM OF THE 7TH
Los Angeles Angels batting - Pitching for Texas Rangers : LHP Ricardo Chavez
Pitching: RHP Victor Luna
Batting: RHB Randy Valdez 0-0: Ball
1-0: Fly out, F8 (Flyball, 8LD, EV 92.5 MPH)
Batting: RHB Dennis Jackson 0-0: Foul Ball, location: 2LF
0-1: Swinging Strike
0-2: Strikes out swinging
Batting: RHB Juan Cruz 0-0: Ball
1-0: Ground out 6-3 (Groundball, 6, EV 87.5 MPH)
Bottom of the 7th over - 0 runs, 0 hits, 0 errors, 0 left on base; Texas 0 - Los Angeles 1
TOP OF THE 8TH
Texas Rangers batting - Pitching for Los Angeles Angels : LHP Zach Tymon
Batting: RHB Matt Noorda 0-0: Ball
1-0: SINGLE (Flyball, 56D, EV 90.6 MPH)
Batting: RHB Raul Camacho 0-0: Called Strike
0-1: Foul Ball, location: 3FF
0-2: SINGLE (Line Drive, 78M, EV 87.5 MPH)
Matt Noorda to second
Pinch Hitting: LHB Nick Gunnels 0-0: Called Strike
0-1: SINGLE (Line Drive, 9S, EV 100.6 MPH)
Matt Noorda to third
Raul Camacho to second
Batting: RHB Jason Hartel 0-0: Ball
1-0: Ball
2-0: Foul Ball, location: 9LSF
2-1: Swinging Strike
2-2: Foul Ball, location: 2F
2-2: Ball
3-2: Foul Ball, location: 2F
3-2: DOUBLE (Line Drive, 7LM, EV 98.8 MPH)
Matt Noorda scores
Raul Camacho scores
Nick Gunnels to third
Batting: RHB Chris Patrick 0-0: Intentional Walk
Pitching: RHP Jeff Jones
Batting: RHB Kevin Hock 0-0: Called Strike
0-1: Ball
1-1: Called Strike
1-2: Foul Ball, location: 2F
1-2: Ball
2-2: Foul Ball, location: 5F
2-2: Strikes out looking
Pinch Hitting: LHB Simeone DeVito 0-0: Swinging Strike
0-1: Called Strike
0-2: Strikes out looking
Batting: RHB Brian Ruble 0-0: Ball
1-0: Called Strike
1-1: Foul Ball, location: 2F
1-2: Foul Ball, location: 25F
1-2: Ball
2-2: DOUBLE (Flyball, 78XD, EV 95.6 MPH)
Nick Gunnels scores
Jason Hartel scores
Chris Patrick to third
Runner from 3rd tries for Home, SAFE, no throw by LF
Batting: RHB Ryan Adkins 0-0: Ball
1-0: Fly out, F8 (Line Drive, 8LM, EV 88.8 MPH)
Top of the 8th over - 5 runs, 5 hits, 0 errors, 1 left on base; Texas 5 - Los Angeles 1
BOTTOM OF THE 8TH
Los Angeles Angels batting - Pitching for Texas Rangers : RHP Victor Luna
Now at SS: Scott Spencer
Now in CF: Simeone DeVito
Batting: LHB Ramon Bermudez 0-0: Ball
1-0: Ground out 6-3 (Groundball, 6, EV 92.5 MPH)
Pinch Hitting: LHB Trevor Martz 0-0: Called Strike
0-1: Foul Ball, location: 7LMF
0-2: Strikes out looking
Batting: RHB Tom Aitken 0-0: Called Strike
0-1: Ball
1-1: Foul Ball, location: 2F
1-2: Ball
2-2: Foul Ball, location: 9LSF
2-2: Fly out, F9 (Flyball, 89D, EV 105.0 MPH)
Bottom of the 8th over - 0 runs, 0 hits, 0 errors, 0 left on base; Texas 5 - Los Angeles 1
TOP OF THE 9TH
Texas Rangers batting - Pitching for Los Angeles Angels : RHP Jeff Jones
Pitching: RHP Randy Lamb
Now at 3B: David Whitehead
Batting: RHB Matt Noorda 0-0: Called Strike
0-1: Ball
1-1: Called Strike
1-2: Ball
2-2: Ground out 6-3 (Groundball, 6, EV 81.3 MPH)
Batting: RHB Raul Camacho 0-0: Called Strike
0-1: Ball
1-1: Called Strike
1-2: Ball
2-2: Strikes out swinging
Batting: LHB Scott Spencer 0-0: Ball
1-0: SINGLE (Flyball, 78S, EV 92.5 MPH)
Batting: RHB Jason Hartel 0-0: Ball
1-0: Swinging Strike
1-1: Ball
2-1: Ball
3-1: Foul Ball, location: 25FF
3-2: Base on Balls
Scott Spencer to second
Batting: RHB Chris Patrick 0-0: DOUBLE (Line Drive, 9LD, EV 99.4 MPH)
Scott Spencer scores
Jason Hartel to third
Runner from 3rd tries for Home, SAFE, throw by RF to trailing runner, SAFE at third!
Batting: RHB Kevin Hock 0-0: Foul Ball, location: 9LSF
0-1: Called Strike
0-2: Ball
1-2: Foul Ball, location: 5FF
1-2: Foul Ball, location: 9LMF
1-2: Foul Ball, location: 9LSF
1-2: Fly out, F8 (Flyball, 89XD, EV 110.6 MPH)
Top of the 9th over - 2 runs, 2 hits, 0 errors, 1 left on base; Texas 7 - Los Angeles 1
BOTTOM OF THE 9TH
Los Angeles Angels batting - Pitching for Texas Rangers : RHP Victor Luna
Batting: LHB Justin Manns 0-0: DOUBLE (Line Drive, 89M, EV 90.6 MPH)
Batting: LHB Matt Evans 0-0: Ball
1-0: Fly out, F8 (Flyball, 8RM, EV 93.8 MPH)
Pinch Hitting: LHB Matt Davis 0-0: DOUBLE (Line Drive, 3D, EV 97.5 MPH)
Justin Manns scores
Pinch Hitting: SHB Ross Chambers 0-0: Ball
1-0: Foul Ball, location: 2LF
1-1: Foul Ball, location: 2F
1-2: Ground out 6-3 (Groundball, 6M, EV 88.1 MPH)
Batting: RHB Dennis Jackson 0-0: Ball
1-0: Fly out, F8 (Flyball, 8RM, EV 96.9 MPH)
Bottom of the 9th over - 1 run, 2 hits, 0 errors, 1 left on base; Texas 7 - Los Angeles 2
Thursday, April 4th , 2024 - OOTP Baseball 24.11 Build 85